 Dungeon Crawl Stone Soup version 0.25-a0-665-ga69d64035b (webtiles) character file.

Game seed: 17997517432203344507, levelgen mode: deterministic

114 kae the Firebug (level 4, -5/24 HPs)
             Began as a Tengu Fire Elementalist on Mar 26, 2020.
             Slain by a river rat (8 damage)
             ... on level 3 of the Dungeon.
             The game lasted 00:02:20 (2001 turns).

kae the Firebug (Tengu Fire Elementalist)           Turns: 2001, Time: 00:02:20

Health: -5/24      AC:  2    Str:  9    XL:     4   Next: 98%
Magic:  3/9        EV: 12    Int: 16    God:
Gold:   241        SH:  0    Dex: 14    Spells: 7/8 levels left

rFire    . . .     SeeInvis .   o - +0 spear
rCold    . . .     Gourm    .   (no shield)
rNeg     . . .     Faith    .   a - +0 robe
rPois    .         Spirit   .   (helmet restricted)
rElec    .         Reflect  .   (no cloak)
rCorr    .         Harm     .   (no gloves)
MR       .....                  (boots unavailable)
Stlth    ++........             (no amulet)
HPRegen  0.08/turn              (no ring)
MPRegen  0.11/turn              (no ring)

@: very slightly contaminated
A: beak, talons 3
a: no special abilities


You were on level 3 of the Dungeon.
You were not hungry.

You visited 1 branch of the dungeon, and saw 3 of its levels.

You collected 241 gold pieces.

Inventory:

Hand Weapons
 o - a +0 spear (weapon)
Armour
 a - a +0 robe (worn)
Wands
 m - a wand of random effects (11)
 r - a wand of paralysis (9)
Scrolls
 b - 3 scrolls of identify
 d - 2 scrolls of magic mapping
 f - 2 scrolls of enchant armour {unknown}
 g - 2 scrolls of amnesia {unknown}
 i - 2 scrolls of teleportation {unknown}
 j - a scroll of enchant weapon {unknown}
 l - 2 scrolls of random uselessness {unknown}
Potions
 e - a potion of magic
 h - a potion of flight {unknown}
 k - a potion of lignification
 n - a potion of invisibility
 p - a potion of haste
 q - a potion of brilliance {unknown}
 t - a potion of curing {unknown}
Comestibles
 c - 7 rations
 s - 5 chunks of flesh


   Skills:
 - Level 2.1 Dodging
 - Level 2.0 Stealth
 + Level 2.9 Spellcasting
 - Level 3.0 Conjurations
 * Level 4.9 Fire Magic


You had 7 spell levels left.
You knew the following spells:

 Your Spells              Type           Power        Failure   Level  Hunger
a - Foxfire               Conj/Fire      ###.         3%          1    #......

Your spell library contained the following spells:

 Spells                   Type           Power        Failure   Level  Hunger
 Conjure Flame            Conj/Fire      ###.....     11%         3    ###....
 Inner Flame              Hex/Fire       ##......     21%         3    ###....
 Sticky Flame             Conj/Fire      ###.....     36%         4    #####..
 Fireball                 Conj/Fire      ###.......   71%         5    ######.


Dungeon Overview and Level Annotations

Branches:
Dungeon (3/15)

Altars:
Xom


Innate Abilities, Weirdness & Mutations

You have a beak for a mouth.
You have claws for feet.


Message History

Casting: Foxfire (safe; 3% risk of failure)
Confirm with . or Enter, or press ? or * to list all spells.
You conjure some foxfire!
The rat completely misses you. The river rat bites you.
* * * LOW HITPOINT WARNING * * *
The foxfire hits the rat.
You kill the rat!
The foxfire hits the river rat.
The river rat is moderately wounded.
The river rat bites you.
* * * LOW HITPOINT WARNING * * *
Casting: Foxfire (safe; 3% risk of failure)
Confirm with . or Enter, or press ? or * to list all spells.
You conjure some foxfire!
The river rat misses you.
The foxfire hits the river rat but does no damage.
The river rat is moderately wounded.
The foxfire hits the river rat but does no damage.
The river rat is moderately wounded.
The river rat bites you!
You die...

********** *,≈≈≈#≈≈≈*
*,,≈≈#≈∩≈* *,≈.≈#≈≈≈*
**,..≈#*++* ############
*,..≈≈≈≈≈≈*
#........§§######....≈≈,≈≈*
##.########@†...........≈≈,*
######...#####
#r#######.....,,,*
.......#.....# #.#
***###**** ######...###.#
#.# ##.## #.# #.# ######.#
#.# #.# ##...##.####.# #.#
.....#.......###)#
##.÷...........#.#


You could see a river rat.

Vanquished Creatures
  4 adders
  2 oozes
  2 worms
  A dart slug (D:1)
  4 leopard geckos
  10 bats
  2 giant cockroaches
  3 hobgoblins
  12 kobolds
  A ball python (D:2)
  2 frilled lizards
  9 goblins
  11 rats
  A butterfly (D:2)
64 creatures vanquished.

Vanquished Creatures (others)
  134 foxfires
134 creatures vanquished.

Grand Total: 198 creatures vanquished

Notes
Turn   | Place    | Note
-------+----------+-------------------------------------------
     0 | D:1      | kae the Tengu Fire Elementalist began the quest for the
                  | Orb.
     0 | D:1      | Reached XP level 1. HP: 10/10 MP: 4/4
   133 | D:1      | Reached XP level 2. HP: 10/15 MP: 3/6
   602 | D:1      | Reached XP level 3. HP: 19/19 MP: 3/7
   927 | D:2      | Reached skill level 4 in Fire Magic
   952 | D:2      | Found a shimmering altar of Xom.
  1308 | D:2      | Reached XP level 4. HP: 19/24 MP: 6/8
  2001 | D:3      | Slain by a river rat

Levels and vault maps discovered:
D:1:      dpeg_arrival_subterranean_lakeside_camping, layout_loops_ring,
          minmay_pentomino_z2
D:2:      layout_basic, xom_butterflies, small_statue_intersection,
          chequers_arboretum
D:3:      layout_loops_ring, portal_sewer_entry_e

Skill      XL: |  1  2  3 |
---------------+----------+-----
Conjurations   | 2 3 |  3.0
Fire Magic     | 4 |  4.9
Dodging        | |  2.1
Stealth        | |  2.0
Spellcasting   | |  2.9

Action                   |  1- 3 |  4- 6 || total
-------------------------+-------+-------++-------
Melee: Unarmed           |    23 |       ||    23
       Kick              |     3 |     1 ||     4
       Peck              |     3 |     2 ||     5
       Spear             |     3 |    15 ||    18
 Cast: Foxfire           |    56 |    37 ||    93
  Use: Scroll            |       |     6 ||     6
       Potion            |       |     1 ||     1
 Stab: Sleeping          |       |     3 ||     3
  Eat: Chunk             |     2 |     2 ||     4
Armor: Robe              |     9 |     3 ||    12
Dodge: Dodged            |    33 |    18 ||    51

Table legend:
 A = Non-vault XP
 B = Vault XP
 C = Vault XP percentage of total XP
 D = Non-vault monster count
 E = Vault monster count
 F = Vault count percentage of total count
                 A         B        C        D         E       F
            +---------+---------+-------+---------+---------+-------
      Total |     150 |      14 |   8.5 |      53 |      10 |  15.9
            +---------+---------+-------+---------+---------+-------
        D:1 |      28 |      12 |  30.0 |      17 |       8 |  32.0
        D:2 |      47 |       0 |   0.0 |      16 |       0 |   0.0
        D:3 |      75 |       2 |   2.6 |      20 |       2 |   9.1
            +---------+---------+-------+---------+---------+-------
